 Dungeon Crawl Stone Soup version 0.28.0-53-g5a82cb258f (webtiles) character file.

Game seed: 18378966063772533731

136 Eitelfritz the Poker (level 5, -1/41 HPs)
             Began as a Merfolk Gladiator on May 24, 2022.
             Slain by a gnoll
             ... wielding a +0 flail of protection
              (7 damage)
             ... on level 3 of the Dungeon.
             The game lasted 00:07:22 (3538 turns).

Eitelfritz the Poker (Merfolk Gladiator)            Turns: 3538, Time: 00:07:22

Health: -1/41      AC:  4    Str: 16    XL:     5   Next: 19%
Magic:  2/5        EV: 13    Int:  8    God:
Gold:   118        SH:  0    Dex: 15    Spells: 4/5 levels left

rFire   . . .      SeeInvis .   a - +0 trident
rCold   . . .      Faith    .   (no shield)
rNeg    . . .      Spirit   .   b - +0 leather armour
rPois   .          Reflect  .   c - +0 helmet
rElec   .          Harm     .   (no cloak)
rCorr   .          Rampage  .   (no gloves)
Will    .....                   (no boots)
Stlth   ++........              (no amulet)
HPRegen 0.13/turn               (no ring)
MPRegen 0.09/turn               (no ring)

@: no status effects
A: (nimble swimmer 2), mertail
a: no special abilities


You were on level 3 of the Dungeon.
You visited 1 branch of the dungeon, and saw 3 of its levels.

You collected 118 gold pieces.

Inventory:

Hand Weapons
 a - a +0 trident (weapon)
Missiles
 d - 3 throwing nets (quivered)
 m - 3 curare-tipped darts
Armour
 b - a +0 leather armour (worn)
 c - a +0 helmet (worn)
Jewellery
 r - an amulet of faith
Scrolls
 e - 3 scrolls of identify {unknown}
 g - a scroll of fog {unknown}
 h - 2 scrolls of enchant weapon {unknown}
 k - a scroll of silence {unknown}
Potions
 f - a potion of haste {unknown}
 i - a potion of lignification {unknown}
 j - a potion of might {unknown}
 l - a potion of resistance {unknown}
 n - a potion of cancellation {unknown}
 o - a potion of degeneration {unknown}
 p - a potion of heal wounds {unknown}
 q - a potion of mutation {unknown}


   Skills:
 + Level 3.0 Fighting
 + Level 6.6 Polearms
 + Level 2.2 Throwing
 + Level 0.6 Armour
 + Level 4.3 Dodging
 + Level 1.1 Stealth
 + Level 0.6 Spellcasting
 + Level 0.3 Summonings


You had 4 spell levels left.
You knew the following spells:

 Your Spells              Type           Power      Damage    Failure   Level
a - Summon Small Mammal   Summ           0%         N/A       41%         1

Your spell library contained the following spells:

 Spells                   Type           Power      Damage    Failure   Level
 Beastly Appendage        Tmut           0%         N/A       45%         1
 Ensorcelled Hibernation  Hex/Ice        0%         N/A       61%         2
 Passwall                 Tmut/Erth      0%         N/A       61%         2
 Wereblood                Tmut           0%         N/A       61%         2
 Call Canine Familiar     Summ           0%         N/A       78%         3
 Summon Guardian Golem    Hex/Summ       0%         N/A       80%         3
 Spider Form              Tmut/Pois      0%         N/A       83%         3
 Swiftness                Air            0%         N/A       83%         3


Dungeon Overview and Level Annotations

Branches:
Dungeon (3/15)

Altars:
Kikubaaqudgha
Xom


Innate Abilities, Weirdness & Mutations

((You are very nimble when in or above water. (Stealth+, EV+, Speed+++)))
Your lower body shifts to a powerful aquatic tail in water.


Message History

The gnoll closely misses you.
You hit the gnoll but do no damage.
The gnoll is almost dead.
The gnoll hits you from afar with a +0 spear.
Casting: Summon Small Mammal (safe; 41% risk of failure)
Confirm with . or Enter, or press ? or * to list all spells.
You miscast Summon Small Mammal.
You are very lightly contaminated with residual magic.
Nothing appears to happen.
The gnoll hits you with a +0 flail of protection!
The gnoll hits you from afar with a +0 spear.
The gnoll barely misses you.
Casting: Summon Small Mammal (safe; 41% risk of failure)
Confirm with . or Enter, or press ? or * to list all spells.
The gnoll hits you with a +0 flail of protection.
The gnoll hits you from afar with a +0 spear.
* * * LOW HITPOINT WARNING * * *
You swap places.
The gnoll hits your rat with a +0 flail of protection.
Your rat dies!
Your rat's corpse disappears in a puff of smoke!
Your magical contamination has completely faded away.
The endoplasm freezes you.
You are frozen.
* * * LOW HITPOINT WARNING * * *
You barely miss the endoplasm.
The endoplasm hits you but does no damage.
The gnoll misses you. The gnoll completely misses you.
You hit the endoplasm.
The endoplasm is heavily wounded.
The endoplasm freezes you.
You are frozen.
* * * LOW HITPOINT WARNING * * *
The gnoll closely misses you.
You hit the endoplasm.
The endoplasm is severely wounded.
The gnoll misses you.
The endoplasm hits you but does no damage.
The gnoll hits you with a +0 flail of protection!
You die...

#.. ...# #.##.##..#
##.#...#..#
#..#._.#..#
#..#.g.#..##########
#..##.##............
#†g.#g#..###########
#.#g#g#.## #g#@#J#.#
#.#J#'#.# #.#.....#
#g####..# #g...g..#
#######.# #<# ###


You could see 2 gnolls and an endoplasm.

Vanquished Creatures
  4 adders
  A worm (D:3)
  3 dart slugs
  6 orcs (D:3)
  4 endoplasms
  A giant cockroach (D:2)
  2 hobgoblins (D:2)
  10 jackals
  9 kobolds
  2 quokkas
  10 ball pythons
  4 bats
  4 frilled lizards
  12 goblins
  7 rats
79 creatures vanquished.

Vanquished Creatures (collateral kills)
  A bat (D:3)
  A kobold (D:2)
2 creatures vanquished.

Grand Total: 81 creatures vanquished

Notes
Turn   | Place    | Note
-------+----------+-------------------------------------------
     0 | D:1      | Eitelfritz the Merfolk Gladiator began the quest for the
                  | Orb.
     0 | D:1      | Reached XP level 1. HP: 16/16 MP: 1/1
   177 | D:1      | Reached XP level 2. HP: 16/23 MP: 2/2
   541 | D:1      | Reached skill level 5 in Polearms
   697 | D:1      | Reached XP level 3. HP: 28/28 MP: 3/3
  1344 | D:2      | Learned a level 1 spell: Summon Small Mammal
  1380 | D:2      | Reached XP level 4. HP: 28/34 MP: 1/4
  1821 | D:2      | Reached skill level 6 in Polearms
  2715 | D:3      | Reached skill level 1 in Stealth
  2882 | D:3      | Found a faded altar of an unknown god.
  2975 | D:3      | Found an ancient bone altar of Kikubaaqudgha.
  3040 | D:3      | Reached XP level 5. HP: 41/41 MP: 3/5
  3499 | D:3      | Found a shimmering altar of Xom.
  3538 | D:3      | Slain by a gnoll

Illustrated notes

Levels and vault maps discovered:
D:1:      lordsloth_arrival_two_stooges, layout_basic
D:2:      minmay_razor_zed, layout_loops_corners
D:3:      layout_basic, mainiacjoe_overflow_tiny_flanked,
          mainiacjoe_overflow_surrounded_room,
          hellmonk_ecumenical_altar_leap_of_faith

Skill      XL: |  1  2  3  4 |
---------------+-------------+-----
Polearms       | 5 6 |  6.6
Stealth        | 1 |  1.1
Fighting       | 3 |  3.0
Throwing       | |  2.2
Armour         | |  0.6
Dodging        | |  4.3
Spellcasting   | |  0.6
Summonings     | |  0.3

Action                   |  1- 3 |  4- 6 || total
-------------------------+-------+-------++-------
Melee: Trident           |   110 |   128 ||   238
       Punch             |     1 |     1 ||     2
 Cast: Summon Small Mamm |     3 |    18 ||    21
 Stab: Sleeping          |     4 |     5 ||     9
Armor: Leather armour    |    25 |    22 ||    47
Dodge: Dodged            |    55 |    64 ||   119
